 Dungeon Crawl Stone Soup version 0.31.0-11-ge490571c62 (webtiles) character file.

Game seed: 3511426542330475801

122 qw the Shooter (level 4, -3/23 HPs)
             Began as a Spriggan Hunter on Feb 4, 2024.
             Frozen to death by an endoplasm (4 damage)
             ... in a sewer.
             The game lasted 00:00:07 (2154 turns).

qw the Shooter (Spriggan Hunter)                    Turns: 2154, Time: 00:00:07

Health: -3/23      AC:  2    Str:  7    XL:     4   Next: 78%
Magic:  0/5        EV: 25    Int: 10    God:
Gold:   168        SH:  0    Dex: 20    Spells: 3/3 levels left

rFire   + . .        a - +0 shortbow
rCold   . . .        (shield currently unavailable)
rNeg    + . .        c - +0 robe
rPois   .            (helmet restricted)
rElec   .            (no cloak)
rCorr   .            (gloves unavailable)
SInv    +            (boots unavailable)
Will    .....        b - amulet of Mistrust {Spirit Rampage rF+ rN+ Will-}
Stlth   +            h - ring of willpower
HPRegen 0.23/turn    i - +5 ring of evasion
MPRegen 0.09/turn

%: guardian spirit, rampage
@: about to teleport, slow
A: very small, no large weapons, unfitting armour, see invisible, speed 3
a: no special abilities


You were in a sewer.
You visited 1 branch of the dungeon, and saw 3 of its levels.
You also visited: Sewer.

You collected 168 gold pieces.


Innate Abilities, Weirdness & Mutations

You are very small and have problems with some larger weapons.
You are too small for most types of armour.
You have supernaturally acute eyesight. (SInv)
You cover ground extremely quickly. (Speed+++)


   Skills:
 + Level 1.9 Fighting
 - Level 5.1 Ranged Weapons
 - Level 5.0 Dodging
 - Level 1.5 Stealth


You had 3 spell levels left.
You didn't know any spells.
Your spell library was empty.

Inventory:

Hand Weapons
 a - a +0 shortbow (weapon)
Armour
 c - a +0 robe (worn)
Jewellery
 b - the amulet of Mistrust (around neck) {Spirit Rampage rF+ rN+ Will-}
   (You acquired it on level 3 of the Dungeon)

   [amulet of guardian spirit]

   Spirit:    It causes incoming damage to be divided between your reserves of
   health and magic.
   rF+:       It protects you from fire.
   rN+:       It protects you from negative energy.
   Will-:     It decreases your willpower.
   Rampage:   It bestows one free step when moving towards enemies.
 h - a ring of willpower (left hand)
 i - a +5 ring of evasion (right hand)
Wands
 e - a wand of paralysis (10)
Scrolls
 d - a scroll of teleportation
Potions
 f - a potion of mutation
 j - a potion of curing
 k - a potion of ambrosia {unknown}

Dungeon Overview and Level Annotations

Branches:
Dungeon (3/15)              Sewer (1/1)

Altars:


Message History

The endoplasm quivers.
The frilled lizard hisses angrily.
2149 ||| READING 3 scrolls of teleportation.
As you read the scroll of teleportation, it crumbles to dust.
You feel strangely unstable.
You shoot an arrow. The arrow hits the dart slug.
The dart slug is moderately wounded.
The endoplasm completely misses you.
The giant cockroach completely misses you.
You shoot an arrow. The arrow hits the dart slug.
The dart slug is heavily wounded.
The endoplasm freezes you.
You are frozen.
The dart slug splashes around in the water.
The frilled lizard bites you.
The giant cockroach completely misses you.
The endoplasm misses you.
You shoot an arrow. The arrow hits the dart slug!
You kill the dart slug!
Your surroundings suddenly seem different.
Splash!
A giant cockroach, a ball python, 3 endoplasms and a dart slug come into view.
Found a gate leading back out of this place.
The ball python hisses angrily.
The endoplasm quivers.
The endoplasm completely misses you. The ball python closely misses you.
The ball python completely misses you.
2153 ||| READING 2 scrolls of teleportation.
As you read the scroll of teleportation, it crumbles to dust.
You feel strangely unstable. The endoplasm freezes you.
You are frozen.
The giant cockroach bites you but does no damage.
The ball python completely misses you. The ball python closely misses you.
You shoot an arrow. The arrow hits the ball python!
You kill the ball python!
The giant cockroach completely misses you.
The endoplasm freezes you.
You are frozen.
You die...

~~### .##
~~.~# ##
#..~##~~~# #
#.~.~#~~~# #
#~J..#~~~# #
#~~J.#.w.# #
##~~~##~~~#
##~~B~#.JB~
#~.J@##.l%#
#.~.~~##.~J~#
~~~.~###~~wB##
~w## #.~~~~# \
~~~~~# ~~#####
####~~\#
######SS..~#
~~.~~%.\.#


You could see a dart slug, 3 endoplasms and a giant cockroach.

Vanquished Creatures
  3 adders
  3 river rats (D:3)
  4 dart slugs
  An orc (D:3)
  8 ball pythons
  7 bats
  4 endoplasms
  3 giant cockroaches
  5 goblins
  8 hobgoblins
  2 quokkas
  A frilled lizard (D:3)
  5 kobolds
  6 rats
60 creatures vanquished.

Notes
Turn   | Place    | Note
-------+----------+-------------------------------------------
     0 | D:1      | qw the Spriggan Hunter began the quest for the Orb.
     0 | D:1      | Reached XP level 1. HP: 10/10 MP: 2/2
     0 | D:1      | 0 ||| qw: Version: 0.3-a-160-g6735b56
     0 | D:1      | 0 ||| qw: Game counter: 4404
     0 | D:1      | 0 ||| qw: Melee chars always use a shield: true
     0 | D:1      | 0 ||| qw: God list: Okawaru
     0 | D:1      | 0 ||| qw: Allow faded altars: false
     0 | D:1      | 0 ||| qw: Do Orc after clearing Dungeon:15 true
     0 | D:1      | 0 ||| qw: Do second Lair branch before Depths: true
     0 | D:1      | 0 ||| qw: Lair rune preference: random
     0 | D:1      | 0 ||| qw: Goals: Normal
     0 | D:1      | 0 ||| PLANNING D:1-11
    35 | D:1      | Reached skill level 3 in Dodging
   218 | D:1      | Reached XP level 2. HP: 14/14 MP: 3/3
   761 | D:1      | 761 ||| READING 5 scrolls labelled LOHIUG BUOCW.
   764 | D:1      | 764 ||| READING scroll labelled AMEAPLEOLA.
   765 | D:1      | 765 ||| DROPPING scroll of butterflies.
   858 | D:2      | 858 ||| FLEEEEING.
   860 | D:2      | 860 ||| FLEEEEING.
   954 | D:2      | Reached XP level 3. HP: 18/18 MP: 4/4
  1157 | D:2      | Found a faded altar of an unknown god.
  1489 | D:2      | 1489 ||| DROPPING ring of magical power.
  1490 | D:2      | 1490 ||| UPGRADING to ring of willpower.
  1491 | D:2      | 1491 ||| UPGRADING to +5 ring of evasion.
  1492 | D:2      | 1492 ||| READING scroll labelled QUBBOI PEXUWA.
  1492 | D:2      | 1492 ||| IDENTIFYING bubbling sapphire potion
  1493 | D:2      | 1493 ||| DRINKING 2 fizzy cyan potions.
  1494 | D:2      | 1494 ||| DROPPING potion of attraction.
  1495 | D:2      | 1495 ||| DROPPING potion of invisibility.
  1533 | D:3      | 1533 ||| PLANNING SEWER
  1894 | D:3      | Reached XP level 4. HP: 22/22 MP: 5/5
  2115 | D:3      | Found a glowing drain.
  2116 | D:3      | 2116 ||| READING 2 scrolls of identify.
  2116 | D:3      | 2116 ||| IDENTIFYING blue potion
  2117 | D:3      | 2117 ||| READING scroll of identify.
  2117 | D:3      | 2117 ||| IDENTIFYING bubbling coppery potion
  2118 | D:3      | 2118 ||| READING scroll labelled JAC SEPNEBUKEN.
  2118 | D:3      | Identified a scroll of acquirement
  2118 | D:3      | 2118 ||| ACQUIRING amulet of Mistrust {Spirit Rampage rF+
                  | rN+ Will-}
  2118 | D:3      | Acquired the amulet of Mistrust {Spirit Rampage rF+ rN+
                  | Will-}
  2120 | D:3      | 2120 ||| UPGRADING to amulet of Mistrust {Spirit Rampage
                  | rF+ rN+ Will-}.
  2129 | Sewer    | Entered a sewer
  2142 | Sewer    | HP: 5/23 [poisoned by an adder]
  2143 | Sewer    | 2143 ||| READING 5 scrolls of teleportation.
  2144 | Sewer    | HP: 2/23 [constriction (1)]
  2146 | Sewer    | 2146 ||| READING 4 scrolls of teleportation.
  2149 | Sewer    | 2149 ||| READING 3 scrolls of teleportation.
  2151 | Sewer    | HP: 2/23 [frozen (2)]
  2153 | Sewer    | 2153 ||| READING 2 scrolls of teleportation.
  2154 | Sewer    | Frozen to death by an endoplasm

Levels and vault maps discovered:
D:1:      dreamdust_arrival_beginning_and_end, layout_basic
D:2:      layout_loops_ring, hellmonk_ecumenical_altar_zigzags,
          hangedman_feature_mirror
D:3:      layout_loops_corners, portal_sewer_entry_e
Sewer:    sewer_frog_island_02

Skill      XL: |  1  2  3  4 |
---------------+-------------+-----
Dodging        | 3 4 5 |  5.0
Ranged Weapons | 5 |  5.1
Fighting       | |  1.9
Stealth        | |  1.5

Action                     |  1- 3 |  4- 6 || total
---------------------------+-------+-------++-------
   Fire: Shortbow          |   101 |    62 ||   163
    Use: Scroll            |     3 |     7 ||    10
         Potion            |     1 |       ||     1
 Armour: Robe              |     8 |    18 ||    26
  Dodge: Dodged            |    26 |   101 ||   127

Table legend:
 A = Non-vault XP
 B = Vault XP
 C = Vault XP percentage of total XP
 D = Non-vault monster count
 E = Vault monster count
 F = Vault count percentage of total count
                 A         B        C        D         E       F
            +---------+---------+-------+---------+---------+-------
      Total |     111 |      65 |  36.9 |      42 |      18 |  30.0
            +---------+---------+-------+---------+---------+-------
        D:1 |      30 |       0 |   0.0 |      17 |       0 |   0.0
        D:2 |      39 |       4 |   9.3 |      14 |       2 |  12.5
        D:3 |      42 |      44 |  51.2 |      11 |       8 |  42.1
      Sewer |       0 |      17 | 100.0 |       0 |       8 | 100.0
            +---------+---------+-------+---------+---------+-------
